 Dungeon Crawl Stone Soup version 0.30-a0-743-gbfdf073 (webtiles) character file.

Game seed: 8805970326233994746

20 PurpleRed the Conjurer (level 2, 0/16 HPs)
             Began as a Deep Elf Reaver on Feb 8, 2023.
             Slain by a jackal (3 damage)
             ... on level 1 of the Dungeon.
             The game lasted 00:03:05 (336 turns).

PurpleRed the Conjurer (Deep Elf Reaver)             Turns: 336, Time: 00:03:05

Health: 0/16       AC:  3    Str:  9    XL:     2   Next: 58%
Magic:  6/8        EV: 12    Int: 17    God:
Gold:   11         SH:  0    Dex: 13    Spells: 4/8 levels left

rFire   . . .      SeeInvis .    a - +0 short sword
rCold   . . .      Faith    .    (no shield)
rNeg    . . .      Spirit   .    b - +0 leather armour
rPois   .          Reflect  .    (no helmet)
rElec   .          Harm     .    (no cloak)
rCorr   .          Rampage  .    (no gloves)
Will    .....                    (no boots)
Stlth   +                        (no amulet)
HPRegen 0.22/turn                (no ring)
MPRegen 0.11/turn                (no ring)

@: no status effects
A: no striking features
a: no special abilities


You were on level 1 of the Dungeon.
You visited 1 branch of the dungeon, and saw 1 of its levels.

You collected 11 gold pieces.

Inventory:

Hand Weapons
 a - a +0 short sword (weapon)
Armour
 b - a +0 leather armour (worn)
Jewellery
 d - a ring of ice
Scrolls
 c - a scroll of fear {unknown}


   Skills:
 - Level 1.5 Fighting
 - Level 3.0 Short Blades
 - Level 2.4 Dodging
 + Level 3.5 Spellcasting
 + Level 3.7 Conjurations
 + Level 1.3 Translocations


You had 4 spell levels left.
You knew the following spells:

 Your Spells              Type           Power      Damage    Failure   Level
a - Kiss of Death         Conj/Necr      36%        2d8       11%         1
b - Momentum Strike       Conj/Tloc      22%        3d8       13%         2
e - Foxfire               Conj/Fire      36%        2x1d5     11%         1

Your spell library contained the following spells:

 Spells                   Type           Power      Damage    Failure   Level
 Hailstorm                Conj/Ice       9%         3d4       32%         3
 Fireball                 Conj/Fire      4%         3d4       97%         5
 Starburst                Conj/Fire      4%         6d4       100%        6


Dungeon Overview and Level Annotations

Branches:
Dungeon (1/15)

Altars:


Message History

A jackal comes into view.
You barely miss the jackal. The jackal bites you. The jackal misses you.
You hit the jackal.
The jackal is moderately wounded.
The jackal bites you.
You closely miss the jackal.
The jackal is moderately wounded.
You are no longer robbed of momentum.
The jackal bites you.
You hit the jackal.
The jackal is almost dead.
The jackal bites you.
* * * LOW HITPOINT WARNING * * *
You barely miss the jackal.
The jackal is almost dead.
The jackal barely misses you.
You closely miss the jackal.
The jackal is severely wounded.
The jackal closely misses you. x2
You closely miss the jackal.
The jackal is heavily wounded.
The jackal bites you.
* * * LOW HITPOINT WARNING * * *
Casting: Momentum Strike (safe; 13% risk of failure)
Confirm with . or Enter, or press ? or * to list all spells.
You conjure some foxfire!
The jackal bites you.
* * * LOW HITPOINT WARNING * * *
You barely miss the jackal.
The jackal is heavily wounded.
The foxfire hits the jackal.
The jackal is almost dead.
The jackal barely misses you.
The jackal bites you but does no damage.
You closely miss the jackal.
The jackal is almost dead.
The jackal bites you but does no damage.
You barely miss the jackal.
The jackal is almost dead.
The jackal bites you.
You die...

.#.# ########## #.#.#
......... ....
......... ...
#######.######
$.##### #
#.........## .......
#
#.##.#.###.###h......
#### #.#.# #..v@...#
...# #.#.# #.#####.#
##.#.##.##...##
##.#...[# ###
##.###..## #.# #...##
#.##.###.##### #.##.
#.....#
#.##.###.###.#


You could see a jackal (ally target).

Vanquished Creatures
  A dart slug (D:1)
  A bat (D:1)
  A goblin (D:1)
  A hobgoblin (D:1)
  6 jackals (D:1)
  A quokka (D:1)
  2 ball pythons (D:1)
  A kobold (D:1)
  2 rats (D:1)
16 creatures vanquished.

Vanquished Creatures (others)
  2 foxfires (D:1)
2 creatures vanquished.

Grand Total: 18 creatures vanquished

Notes
Turn   | Place    | Note
-------+----------+-------------------------------------------
     0 | D:1      | PurpleRed the Deep Elf Reaver began the quest for the Orb.
     0 | D:1      | Reached XP level 1. HP: 12/12 MP: 6/6
    88 | D:1      | Reached XP level 2. HP: 10/14 MP: 8/8
    97 | D:1      | Reached skill level 1 in Translocations
   117 | D:1      | Learned a level 2 spell: Momentum Strike
   119 | D:1      | Learned a level 1 spell: Foxfire
   336 | D:1      | Slain by a jackal

Illustrated notes

Levels and vault maps discovered:
D:1:      onia_arrival_handbag, layout_loops_ring, minmay_misc_feat_roman,
          solitary_fountain

Skill      XL: |  1  2 |
---------------+-------+-----
Translocations | 1 |  1.3
Fighting       | |  1.5
Short Blades   | |  3.0
Dodging        | |  2.4
Spellcasting   | |  3.5
Conjurations   | |  3.7

Action                     || total
---------------------------++-------
  Melee: Short sword       ||    98
         Punch             ||     1
   Cast: Kiss of Death     ||     1
         Foxfire           ||     3
         Momentum Strike   ||     2
 Armour: Leather armour    ||    22
  Dodge: Dodged            ||    51

Table legend: (Time is in decaauts)
 A = Elapsed time spent in this place.
 B = Non-inter-level travel time spent in this place.
 C = Inter-level travel time spent in this place.
 D = Time resting spent in this place.
 E = Time spent auto-exploring this place.
 F = Levels seen in this place.
 G = Mean time per level.
                   A        B        C        D        E       F      G
               +--------+--------+--------+--------+--------+-----+--------+
         Total |    322 |    322 |      0 |      0 |      0 |   1 |  322.0 |
       Dungeon |    322 |    322 |      0 |      0 |      0 |   1 |  322.0 |
               +--------+--------+--------+--------+--------+-----+--------+

Top non-repeatable levels by time:
     D:1: 322 daAuts
